 Dungeon Sprint DCSS version 0.23-b1-84-g6588a6b (webtiles) character file.

Game seed: 8517930208846724692

89 Yuikono the Shield-Bearer (level 4, -14/44 HPs)
             Began as a Minotaur Fighter on Feb 7, 2019.
             Demolished by an earth elemental (16 damage)
             ... summoned by a deep elf mage
             ... in the Dungeon (Sprint III: "The Ten Rune Challenge").
             The game lasted 00:02:36 (845 turns).

Yuikono the Shield-Bearer (Minotaur Fighter)         Turns: 845, Time: 00:02:37

Health: -14/44     AC:  7    Str: 22    XL:     4   Next: 31%
Magic:  3/3        EV:  8    Int:  5    God:
Gold:   32         SH: 10    Dex:  9    Spells: 3/3 levels left

rFire    . . .     SeeInvis .   a - +0 long sword
rCold    + . .     Gourm    .   c - +0 shield
rNeg     . . .     Faith    .   b - +0 scale mail
rPois    .         Spirit   .   (helmet restricted)
rElec    .         Reflect  .   (no cloak)
rCorr    .         Harm     .   (no gloves)
MR       .....     NoTele   +   (no boots)
Stlth    ..........             (no amulet)
HPRegen  0.14/turn              (no ring)
MPRegen  0.08/turn              (no ring)

@: no status effects
A: retaliatory headbutt, horns 2, cold resistance 1, screaming 1, evolution 1
a: no special abilities


You were in the Dungeon.
You were not hungry.

You visited 1 branch You collected 32 gold pieces.

Inventory:

Hand Weapons
 a - a +0 long sword (weapon)
Armour
 b - a +0 scale mail (worn)
 c - a +0 shield (worn)
Scrolls
 k - a scroll of blinking
 l - a scroll of immolation {unknown}
 m - a scroll of fog {unknown}
 n - 4 scrolls of remove curse
 p - a scroll of holy word {unknown}
 q - a scroll of fear {unknown}
Potions
 d - a potion of might
 e - a potion of curing
 g - a potion of heal wounds
 h - a potion of haste
 i - 2 potions of magic
 j - a potion of berserk rage
 o - 3 potions of flight
 r - 2 potions of mutation (quivered)
Comestibles
 f - 3 rations


   Skills:
 + Level 6.2 Fighting
 + Level 5.6 Long Blades
 + Level 6.2 Armour
 + Level 6.2 Shields


You had 3 spell levels left.
You didn't know any spells.
Your spell library was empty.

Dungeon Overview and Level Annotations

Branches:
Dungeon (1/1)

Altars:
Elyvilon
Zin
The Shining One


Innate Abilities, Weirdness & Mutations

You reflexively headbutt those who attack you in melee.
You have a pair of horns on your head.
Your flesh is cold resistant. (rC+)
You occasionally shout uncontrollably at your foes.
You evolve.


Message History

The deep elf mage casts a spell at you. You block the stone arrow.
The earth elemental hits you!
Unknown command.
Okay, then.
You aren't carrying any items that you can evoke.
Unknown command.
You aren't carrying any pieces of jewellery.
Unknown command.
You hit the deep elf mage. You headbutt the deep elf mage.
The deep elf mage is almost dead.
The deep elf mage hits you with a +3 long sword of holy wrath.
The earth elemental closely misses you. You furiously retaliate!
You headbutt the earth elemental, but do no damage.
You riposte.
You hit the earth elemental but do no damage.
The earth elemental hits you!!
Ouch! That really hurt!
* * * LOW HITPOINT WARNING * * *
The earth elemental hits you!
You die...

▓▓▓▓▓ ▓▓▓ #(..####
##.#####
#......#####..#§E_#
#.......#..#..#e@E#
##.##...#..#..###E#+###+##
##.###..##'#..#..........#
###.##..###...'.⌠........#
#..##..####...#...######+#
...##..###....#.⌠.#
..##...##.....#...#
.##....#......#+###
###..##.#.....#


You could see 3 earth elementals and a deep elf mage.

Vanquished Creatures
  A water elemental (D)
  A human (D)
  An ooze (D)
  A phantom (D)
  3 rats (D)
7 creatures vanquished.

Vanquished Creatures (others)
  2 draconian scorchers (D)
  A yaktaur (D)
  6 hellions (D)
9 creatures vanquished.

Grand Total: 16 creatures vanquished

Notes
Turn   | Place    | Note
-------+----------+-------------------------------------------
     0 | D        | Yuikono the Minotaur Fighter began the quest for the Orb.
     0 | D        | Reached XP level 1. HP: 19/19 MP: 0/0
   103 | D        | Killed a hellion
   103 | D        | Killed a hellion
   104 | D        | Killed a hellion
   104 | D        | Killed a hellion
   104 | D        | Killed a hellion
   132 | D        | Killed a white draconian scorcher
   154 | D        | Killed a white draconian scorcher
   162 | D        | Reached skill level 5 in Fighting
   162 | D        | Reached skill level 5 in Armour
   162 | D        | Reached skill level 5 in Shields
   162 | D        | Reached XP level 2. HP: 6/29 MP: 1/1
   180 | D        | Killed a hellion
   433 | D        | Reached XP level 3. HP: 28/36 MP: 2/2
   447 | D        | Killed a yaktaur
   498 | D        | Gained mutation: You do not regenerate when monsters are
                  | visible. [potion of mutation]
   498 | D        | Gained mutation: You are frail. (-10% HP) [potion of
                  | mutation]
   498 | D        | Gained mutation: You are partially covered in slimy green
                  | scales. (AC +2) [potion of mutation]
   498 | D        | Gained mutation: Your flesh is heat resistant. (rF+)
                  | [potion of mutation]
   499 | D        | Lost mutation: Your flesh is heat resistant. (rF+) [potion
                  | of mutation]
   499 | D        | Lost mutation: You are frail. (-10% HP) [potion of
                  | mutation]
   499 | D        | Lost mutation: You are partially covered in slimy green
                  | scales. (AC +2) [potion of mutation]
   499 | D        | Gained mutation: Your body sometimes deteriorates upon
                  | taking damage. [potion of mutation]
   499 | D        | Gained mutation: Scrolls take you a little longer to read.
                  | [potion of mutation]
   499 | D        | Gained mutation: Your mind is acute. (Int +2) [potion of
                  | mutation]
   499 | D        | Gained mutation: Your flesh is cold resistant. (rC+)
                  | [potion of mutation]
   512 | D        | Lost mutation: You do not regenerate when monsters are
                  | visible. [potion of mutation]
   512 | D        | Lost mutation: Your mind is acute. (Int +2) [potion of
                  | mutation]
   512 | D        | Lost mutation: Scrolls take you a little longer to read.
                  | [potion of mutation]
   512 | D        | Lost mutation: Your body sometimes deteriorates upon taking
                  | damage. [potion of mutation]
   512 | D        | Gained mutation: You occasionally shout uncontrollably at
                  | your foes. [potion of mutation]
   512 | D        | Gained mutation: You evolve. [potion of mutation]
   519 | D        | Noticed a water elemental
   530 | D        | HP: 1/36 [water elemental (15)]
   532 | D        | Killed a water elemental
   532 | D        | Reached skill level 5 in Long Blades
   532 | D        | Reached XP level 4. HP: 1/44 MP: 3/3
   833 | D        | Found a glowing silver altar of Zin.
   833 | D        | Found a glowing golden altar of the Shining One.
   833 | D        | Found a white marble altar of Elyvilon.
   834 | D        | Noticed a deep elf mage
   843 | D        | Noticed an earth elemental
   843 | D        | Noticed an earth elemental
   844 | D        | Noticed an earth elemental
   844 | D        | Noticed an earth elemental
   845 | D        | HP: 2/44 [earth elemental[a deep elf mage] (22)]
   845 | D        | Demolished by an earth elemental

Skill      XL: |  1  2  3 |
---------------+----------+-----
Fighting       | 5 6 |  6.2
Long Blades    | 4 5 |  5.6
Armour         | 5 6 |  6.2
Shields        | 5 6 |  6.2

Action                   |  1- 3 |  4- 6 || total
-------------------------+-------+-------++-------
Melee: Long sword        |    44 |    10 ||    54
       Headbutt          |     7 |     3 ||    10
  Use: Potion            |     3 |       ||     3
Armor: Scale mail        |     8 |       ||     8
Dodge: Dodged            |     9 |     3 ||    12
Block: Shield            |    21 |     3 ||    24
       Rpst.: Long sword |     3 |     2 ||     5
